 Dungeon Crawl Stone Soup version 0.26.1-11-gd32895ea62 (webtiles) character file.

Game seed: 15913251357781277220

913 Zeld the Skirmisher (level 7, 0/66 HPs)
             Began as a Minotaur Berserker on Aug 6, 2021.
             Was a Priest of Trog.
             Slain by Pikel
             ... wielding a +0 whip of freezing
              (2 damage)
             ... on level 6 of the Dungeon.
             The game lasted 00:04:49 (6139 turns).

Zeld the Skirmisher (Minotaur Berserker)            Turns: 6139, Time: 00:04:49

Health: 0/66       AC:  2    Str: 24    XL:     7   Next: 82%
Magic:  6/6        EV: 13    Int:  4    God:    Trog [***...]
Gold:   331        SH:  6    Dex:  9    Spells: 6/6 levels left

rFire    . . .     SeeInvis .   b - +3 hand axe (elec)
rCold    . . .     Faith    .   B - +2 buckler
rNeg     . . .     Spirit   .   A - +0 animal skin
rPois    .         Reflect  .   (helmet restricted)
rElec    .         Harm     .   u - scarf {repulsion}
rCorr    .         Rampage  .   (no gloves)
Will     ++...                  (no boots)
Stlth    +.........             (no amulet)
HPRegen  1.21/turn              (no ring)
MPRegen  0.10/turn              (no ring)

@: lethally poisoned (0 -> 0), regenerating, repel missiles
A: retaliatory headbutt, horns 2
a: Renounce Religion, Berserk, Trog's Hand


You were on level 6 of the Dungeon.
You worshipped Trog.
Trog was most pleased with you.
You visited 2 branches of the dungeon, and saw 7 of its levels.

You collected 331 gold pieces.

Inventory:

Hand Weapons
 a - a +0 hand axe of flaming
 b - a +3 hand axe of electrocution (weapon)
Armour
 u - a scarf of repulsion (worn)
 A - a +0 animal skin (worn)
 B - a +2 buckler (worn)
Jewellery
 y - an uncursed ring of stealth {unknown}
Wands
 x - a wand of iceblast (9)
Scrolls
 c - 2 scrolls of enchant weapon {unknown}
 d - a scroll of blinking {unknown}
 e - 4 scrolls of remove curse {unknown}
 g - 8 scrolls of identify {unknown}
 h - a scroll of fog {unknown}
 i - 3 scrolls of enchant armour {unknown}
 r - a scroll of magic mapping {unknown}
 s - 2 scrolls of fear {unknown}
 t - 2 scrolls of teleportation {unknown}
 v - a scroll of noise {unknown}
 w - a scroll of amnesia {unknown}
Potions
 f - 2 potions of curing {unknown}
 j - a potion of attraction {unknown}
 k - 3 potions of berserk rage {unknown}
 l - a potion of degeneration {unknown}
 m - a potion of invisibility {unknown}
 n - a potion of magic {unknown}
 o - 2 potions of ambrosia {unknown}
 p - 4 potions of resistance {unknown}
 q - 4 potions of lignification {unknown}
 z - 2 potions of brilliance {unknown}
 C - a potion of mutation {unknown}


   Skills:
 * Level 7.0 Fighting
 * Level 7.0 Axes
 + Level 4.8 Armour
 + Level 4.3 Dodging
 + Level 2.2 Shields


You had 6 spell levels left.
You didn't know any spells.
Your spell library was empty.

Dungeon Overview and Level Annotations

Branches:
Dungeon (6/15)             Temple (1/1) D:6

Altars:
Ashenzari
Dithmenos
Elyvilon
Gozag
Kikubaaqudgha
Makhleb
Nemelex Xobeh
Okawaru
Qazlal
Ru
Trog
Uskayaw
Vehumet
Wu Jian
Xom
Yredelemnul
Zin

Annotations:
D:6 Pikel


Innate Abilities, Weirdness & Mutations

You reflexively headbutt those who attack you in melee.
You have a pair of horns on your head.


Message History

You kill the lemure!
That felt strangely unrewarding.
You feel sick. The lemure hits you!
* * * LOW HITPOINT WARNING * * *
Pikel cracks his whip.
A lemure comes into view.
Your Fighting skill increases to level 7!
Your Axes skill increases to level 7!
You feel sick.
You feel sick. The lemure hits you!
* * * LOW HITPOINT WARNING * * *
* * * LOW HITPOINT WARNING * * *
You feel sick.
* * * LOW HITPOINT WARNING * * *
You feel sick.
Unknown command.
Your skin crawls.
You feel strong-willed.
You feel sick.
Pikel hits you with a +0 whip of freezing.
You die...

#...≈# #≈.. .. #...≈## ##≈..
#. .. #...≈≈###≈≈.. #.. #.#
#....≈≈≈≈≈...
##..##.########............
..............#............
..............#............
.........K5...#############
........5.@..........
####...####.########### #
#...####.########..###
...........#...#....#.......
...........#...#....#.....##
...........#...'....'.....#
.......5...#...#..>.#.†...#
...........#...#....#.....#
##..###..###.####..##..#####


You could see Pikel and 2 lemures.

Vanquished Creatures
  A water moccasin (D:6)
  A phantom (D:5)
  A centaur (D:3)
  A lemure (D:6)
  2 bullfrogs (D:6)
  A water moccasin zombie (D:5)
  A scorpion (D:6)
  A howler monkey (D:5)
  A centaur zombie (D:5)
  Crazy Yiuf (D:4)
  A hound (D:4)
  2 orc wizards (D:4)
  2 centaur skeletons
  A worker ant (D:4)
  4 adders
  A white imp (D:6)
  2 adder skeletons
  A dart slug (D:2)
  4 leopard geckos
  14 orcs
  7 giant cockroaches
  6 goblins
  4 hobgoblins
  8 jackals (D:2)
  A quokka (D:2)
  A ball python (D:4)
  6 bats
  3 frilled lizards
  4 kobolds
  A leopard gecko skeleton (D:5)
  10 rats
94 creatures vanquished.

Notes
Turn   | Place    | Note
-------+----------+-------------------------------------------
     0 | D:1      | Zeld the Minotaur Berserker began the quest for the Orb.
     0 | D:1      | Reached XP level 1. HP: 19/19 MP: 0/0
   531 | D:1      | Reached XP level 2. HP: 22/27 MP: 1/1
  1430 | D:2      | Reached XP level 3. HP: 28/33 MP: 2/2
  1645 | D:2      | Found a faded altar of an unknown god.
  1759 | D:2      | Reached ** piety under Trog
  2464 | D:3      | Noticed a centaur
  2468 | D:3      | Reached XP level 4. HP: 41/41 MP: 3/3
  2484 | D:3      | Killed a centaur
  2485 | D:3      | Reached skill level 5 in Fighting
  2485 | D:3      | Reached skill level 5 in Axes
  2485 | D:3      | Reached XP level 5. HP: 30/48 MP: 4/4
  3292 | D:4      | Found a sparkling altar of Nemelex Xobeh.
  3781 | D:4      | Reached XP level 6. HP: 53/56 MP: 5/5
  3870 | D:4      | Found an iron altar of Okawaru.
  4122 | D:4      | Found a runed translucent door.
  4123 | D:4      | Noticed Crazy Yiuf
  4333 | D:4      | Reached *** piety under Trog
  4777 | D:4      | Killed Crazy Yiuf
  5069 | D:5      | Entered Level 5 of the Dungeon
  5405 | D:5      | Reached skill level 1 in Shields
  5415 | D:5      | Reached XP level 7. HP: 46/63 MP: 6/6
  5910 | D:6      | Found a staircase to the Ecumenical Temple.
  5974 | Temple   | Entered the Ecumenical Temple
  6128 | D:6      | Noticed Pikel
  6136 | D:6      | HP: 3/66 [lemure[Pikel] (10)]
  6139 | D:6      | Slain by Pikel

Illustrated notes

Levels and vault maps discovered:
D:1:      dpeg_arrival_simpleton_c, layout_basic, minmay_strange_pillars,
          minmay_misc_feat_square
D:2:      layout_basic, chequers_ecumenical_altar_grove,
          corexii_leaking_fountain
D:3:      layout_basic
D:4:      layout_layer_cave, nemelex_xobeh_ov_fountains_minmay, okawaru_trees_1,
          uniq_crazy_yiuf_cottage
D:5:      layout_basic
D:6:      layout_gridville, tgw_sif, kennysheep_slug_shrine,
          minmay_temple_entry_enclosed_plants, serial_shops,
          kennysheep_little_box, kennysheep_path_1, uniq_grinder, uniq_maggie,
          uniq_pikel
Temple:   minmay_freezing_vapour_temple

Skill      XL: |  1  2  3  4  5  6  7 |
---------------+----------------------+-----
Axes           | 4 5 6 7 |  7.0
Fighting       | 4 5 6 7 |  7.0
Armour         | 3 4 |  4.8
Dodging        | 3 4 |  4.3
Shields        | 1 2 |  2.2

Action                   |  1- 3 |  4- 6 |  7- 9 || total
-------------------------+-------+-------+-------++-------
Melee: Hand axe          |    77 |    72 |    23 ||   172
       Headbutt          |     8 |    17 |     3 ||    28
Invok: Berserk           |       |     2 |       ||     2
       Trog's Hand       |       |       |     1 ||     1
  Use: Scroll            |       |     1 |       ||     1
Armor: Animal skin       |    19 |     3 |       ||    22
Dodge: Dodged            |    80 |    48 |     7 ||   135
Block: Buckler           |       |     5 |     8 ||    13
